 Dungeon Crawl Stone Soup version 0.30-a0-782-ge64f9170bb (webtiles) character file.

Game seed: 14859689289003018937

440 HoaS the Skirmisher (level 7, -5/40 HPs)
             Began as a Gargoyle Hunter on Mar 12, 2023.
             Slain by an ogre
             ... wielding a +0 giant club
              (18 damage)
             ... on level 5 of the Dungeon.
             The game lasted 00:05:28 (2884 turns).

HoaS the Skirmisher (Gargoyle Hunter)               Turns: 2884, Time: 00:05:28

Health: -5/40      AC:  9    Str: 15    XL:     7   Next: 2%
Magic:  7/7        EV: 11    Int:  9    God:
Gold:   264        SH:  0    Dex: 15    Spells: 6/6 levels left

rFire   . . .      SeeInvis .    a - +0 shortbow
rCold   . . .      Faith    .    (shield currently unavailable)
rNeg    + + .      Spirit   .    c - +0 leather armour
rPois   ∞          Reflect  .    e - +0 helmet
rElec   +          Harm     .    j - +0 cloak
rCorr   .          Rampage  .    (no gloves)
Will    .....                    (no boots)
Stlth   ++                       h - amulet of regeneration
HPRegen 1.06/turn                k - ring of positive energy
MPRegen 0.10/turn                (no ring)

@: no status effects
A: sickness immunity, AC +4, negative energy resistance 1, electricity
resistance, torment resistance 1, petrification resistance
a: no special abilities


You were on level 5 of the Dungeon.
You visited 1 branch of the dungeon, and saw 5 of its levels.

You collected 264 gold pieces.

Inventory:

Hand Weapons
 a - a +0 shortbow (weapon)
Missiles
 r - a throwing net
Armour
 c - a +0 leather armour (worn)
 e - a +0 helmet (worn)
 j - a +0 cloak (worn)
Jewellery
 d - a ring of ice
 h - an amulet of regeneration (around neck)
 k - a ring of positive energy (left hand)
 s - a ring of magical power
Scrolls
 b - a scroll of immolation
 l - a scroll of summoning
 o - a scroll of torment {unknown}
 q - a scroll of silence {unknown}
Potions
 f - 3 potions of mutation
 g - 5 potions of curing
 i - a potion of invisibility {unknown}
 m - a potion of magic {unknown}
 n - a potion of heal wounds {unknown}
 p - a potion of degeneration {unknown}


   Skills:
 - Level 2.1 Fighting
 + Level 8.1 Ranged Weapons
 - Level 1.5 Dodging
 - Level 1.1 Stealth


You had 6 spell levels left.
You didn't know any spells.
Your spell library contained the following spells:

 Spells                   Type           Power      Damage    Failure   Level
 Sandblast                Erth           0%         2d4       45%         1
 Passwall                 Tmut/Erth      0%         N/A       58%         2
 Stone Arrow              Conj/Erth      0%         3d7       83%         3


Dungeon Overview and Level Annotations

Branches:
Dungeon (5/15)
 Temple: D:4-7

Altars:
Yredelemnul

Shops:
D:2 !

Annotations:
D:4 3 runed translucent doors, mopl's ghost, amateur GrFi


Innate Abilities, Weirdness & Mutations

You are immune to sickness and miasma.
Your stone body is resilient. (AC +4)
You are immune to poison.
You resist negative energy. (rN+)
You are resistant to electric shocks. (rElec)
You are resistant to unholy torment.
You are immune to petrification.


Message History

The ufetubus closely misses you.
The ufetubus hits you but does no damage.
You shoot an arrow. The arrow closely misses the ufetubus.
The ufetubus misses you.
The ufetubus hits you but does no damage.
You shoot an arrow. The arrow hits the ufetubus!
You kill the ufetubus!
No target in view!
Found 9 stones.
r - a throwing net
s - a ring of magical power
Found a leather armour.
Found a pair of gloves.
g - 5 potions of curing (gained 1)
You see here a +0 leather armour.
A necrophage comes into view.
You shoot an arrow. The arrow hits the necrophage.
The necrophage is lightly damaged.
You hear a shout!
An ogre comes into view. It is wielding a +0 giant club.
You shoot an arrow. The arrow hits the necrophage.
The necrophage is moderately damaged.
You shoot an arrow. The arrow hits the necrophage!
The necrophage is heavily damaged.
You shoot an arrow. The arrow hits the ogre.
The ogre is lightly wounded.
You shoot an arrow. The arrow hits the ogre.
The ogre is moderately wounded.
The ogre hits you with a +0 giant club!!
Ouch! That really hurt!
You are too injured to fight recklessly!
You are too injured to fight recklessly!
Okay, then.
Okay, then.
Okay, then.
Unknown command.
You shoot an arrow. The arrow hits the ogre.
The ogre is heavily wounded.
The ogre hits you with a +0 giant club!!
You die...

##.# #...## # #...##
###..# ###
#...####....#####..
##............#...#
##........#.....####
#........##...[## #
####.#...###...# #
##On....##..## #
#@###.......## ##
####....#....## #.
####.....##.....###.
#......[###...##...#
#######.###..####.##
###..#...# #.#
#..#....## #.#
#.####..#####.#
##..##..##....##


You could see an ogre and a necrophage.

Vanquished Creatures
  2 phantoms
  A scorpion (D:4)
  2 orc priests (D:3)
  An iguana (D:4)
  5 adders
  An ufetubus (D:5)
  A worm (D:2)
  2 dart slugs (D:1)
  5 orcs
  11 endoplasms
  A giant cockroach (D:3)
  9 goblins
  8 hobgoblins
  7 jackals (D:1)
  5 kobolds
  A quokka (D:3)
  8 ball pythons
  6 bats
  4 frilled lizards
  3 rats
83 creatures vanquished.

Notes
Turn   | Place    | Note
-------+----------+-------------------------------------------
     0 | D:1      | HoaS the Gargoyle Hunter began the quest for the Orb.
     0 | D:1      | Reached XP level 1. HP: 12/12 MP: 1/1
   162 | D:1      | Reached XP level 2. HP: 17/17 MP: 2/2
   494 | D:1      | Reached XP level 3. HP: 18/21 MP: 3/3
   570 | D:1      | Reached skill level 5 in Ranged Weapons
   853 | D:2      | Found Ikkiruce's Distillery.
  1038 | D:2      | Reached XP level 4. HP: 26/26 MP: 4/4
  1148 | D:2      | Identified the +7 chain mail of Oziqec {rElec rF+ rC+}
  1416 | D:3      | Found a basalt altar of Yredelemnul.
  1508 | D:3      | Reached skill level 6 in Ranged Weapons
  1522 | D:3      | Noticed a phantom
  1534 | D:3      | Killed a phantom
  1535 | D:3      | Reached XP level 5. HP: 29/30 MP: 5/5
  2172 | D:4      | Reached skill level 7 in Ranged Weapons
  2172 | D:4      | Reached XP level 6. HP: 35/35 MP: 6/6
  2403 | D:4      | Found a runed translucent gate.
  2403 | D:4      | Found a runed translucent gate.
  2403 | D:4      | Found a runed translucent gate.
  2405 | D:4      | Noticed mopl's ghost (amateur GrFi)
  2435 | D:4      | Reached skill level 8 in Ranged Weapons
  2443 | D:4      | Reached XP level 7. HP: 40/40 MP: 7/7
  2693 | D:5      | Entered Level 5 of the Dungeon
  2884 | D:5      | Slain by an ogre

Illustrated notes

Levels and vault maps discovered:
D:1:      matt_arrival_spirals, layout_loops_cross,
          nicolae_kite_square_tiling_tiny
D:2:      layout_rooms, serial_shops, shop
D:3:      layout_basic, amcnicky_altar_gilded
D:4:      layout_cave_pools, gammafunk_ghost_split
D:5:      layout_layer_cave, mainiacjoe_overflow_boulevard,
          trog_ov_bears_minmay, kennysheep_generic_room_2

Skill      XL: |  1  2  3  4  5  6 |
---------------+-------------------+-----
Ranged Weapons | 5 6 7 8 |  8.1
Fighting       | |  2.1
Dodging        | |  1.5
Stealth        | |  1.1

Action                     |  1- 3 |  4- 6 |  7- 9 || total
---------------------------+-------+-------+-------++-------
   Fire: Shortbow          |   115 |   170 |    15 ||   300
    Use: Scroll            |     1 |     2 |     1 ||     4
 Armour: Leather armour    |    29 |    51 |     4 ||    84
  Dodge: Dodged            |    45 |    58 |     3 ||   106

Table legend: (Time is in decaauts)
 A = Elapsed time spent in this place.
 B = Non-inter-level travel time spent in this place.
 C = Inter-level travel time spent in this place.
 D = Time resting spent in this place.
 E = Time spent auto-exploring this place.
 F = Levels seen in this place.
 G = Mean time per level.
                   A        B        C        D        E       F      G
               +--------+--------+--------+--------+--------+-----+--------+
         Total |   2952 |   2834 |    118 |    187 |   2073 |   5 |  590.4 |
       Dungeon |   2952 |   2834 |    118 |    187 |   2073 |   5 |  590.4 |
               +--------+--------+--------+--------+--------+-----+--------+

Top non-repeatable levels by time:
     D:1: 882 daAuts
     D:3: 871 daAuts
     D:4: 558 daAuts
     D:2: 448 daAuts
     D:5: 192 daAuts
